 Dungeon Crawl Stone Soup version 0.21.1-1-g345015f (webtiles) character file.

21 letownia2 the Magician (level 2, 0/19 HPs)
             Began as a Merfolk Wizard on Mar 10, 2018.
             Slain by Jessica
             ... wielding a +0 dagger
              (2 damage)
             ... on level 2 of the Dungeon.
             The game lasted 00:02:08 (281 turns).

letownia2 the Magician (Merfolk Wizard)              Turns: 281, Time: 00:02:09

Health: 0/19       AC:  2    Str:  7    XL:     2   Next: 87%
Magic:  1/6        EV: 13    Int: 17    God:
Gold:   25         SH:  0    Dex: 12    Spells: 4/7 levels left

rFire    . . .     SeeInvis .   m - +1 dagger (venom)
rCold    . . .     Gourm    .   (no shield)
rNeg     . . .     Faith    .   a - +0 robe
rPois    .         Spirit   .   b - +0 hat
rElec    .         Reflect  .   (no cloak)
rCorr    .         Harm     .   (no gloves)
MR       .....                  (no boots)
Stlth    ++........             (no amulet)
HPRegen  0.06/turn              (no ring)
MPRegen  0.10/turn              (no ring)

@: very slightly contaminated
A: change form in water, swift swim, stealthy swim
a: no special abilities


You were on level 2 of the Dungeon.
You were not hungry.

You visited 1 branch of the dungeon, and saw 2 of its levels.

You collected 25 gold pieces.

Inventory:

Hand Weapons
 j - a +0 dagger
 l - a +0 spear
 m - a +1 dagger of venom (weapon)
Armour
 a - a +0 robe (worn)
 b - a +0 hat (worn)
 g - a +0 leather armour
Scrolls
 e - a scroll of teleportation {unknown}
 f - a scroll of enchant weapon {unknown}
 h - a scroll of enchant armour {unknown}
 i - a scroll of amnesia {unknown}
Potions
 k - a potion of might
Books
 c - a book of Minor Magic

   Spells                             Type                      Level
   a - Magic Dart                     Conjuration                  1
   b - Blink                          Translocation                2
   c - Call Imp                       Summoning                    2
   d - Slow                           Hexes                        2
   e - Conjure Flame                  Conjuration/Fire             3
   f - Mephitic Cloud                 Conjuration/Poison/Air       3
Comestibles
 d - 3 rations


   Skills:
 + Level 2.8 Polearms
 - Level 2.6 Dodging
 - Level 2.1 Stealth
 - Level 3.0 Spellcasting
 - Level 1.1 Conjurations
 + Level 1.3 Summonings
   Level 0.7 Translocations


You had 4 spell levels left.
You knew the following spells:

 Your Spells              Type           Power        Failure   Level  Hunger
a - Magic Dart            Conj           #...         11%         1    None
i - Call Imp              Summ           #.......     16%         2    ##.....


Dungeon Overview and Level Annotations

Branches:
Dungeon (2/15)

Altars:

Annotations:
D:2 Jessica


Message History

Casting: Magic Dart
Confirm with . or Enter, or press ? or * to list all spells.
Aiming: Magic Dart
Press: ? - help, Shift-Dir - straight line, f/p - Jessica
Aim: Jessica, wielding a dagger and wearing a robe (heavily wounded, poisoned)
The magic dart hits Jessica.
Jessica is heavily wounded.
Jessica hits you with a dagger.
* * * LOW HITPOINT WARNING * * *
Unknown command.
Unknown command.
Casting: Magic Dart
Confirm with . or Enter, or press ? or * to list all spells.
Aiming: Magic Dart
Press: ? - help, Shift-Dir - straight line, f/p - Jessica
Aim: Jessica, wielding a dagger and wearing a robe (heavily wounded, poisoned)
The magic dart hits Jessica.
Jessica is severely wounded.
Jessica hits you with a dagger.
You die...

...#.†...#..###.##..###
...####..............†..
#### #...###........#...
##.#..#####.....#..#
#####..##.#####....<..##
........................
..............##.>......
............#..#....#..g
........#..#...#@...# .
.†.....#.####..@.#..#
<........# #.###.#..#
......#...# .....#
.......##.# #.. .#
.......# # .....>
####)..# #... .. #.#.#
..... #..##


You could see Jessica.

Vanquished Creatures
  A worm (D:2)
  A dart slug (D:2)
  4 bats (D:2)
  2 goblins (D:2)
  2 jackals (D:2)
  2 quokkas (D:2)
  A kobold (D:1)
  4 rats
17 creatures vanquished.

Notes
Turn   | Place    | Note
-------+----------+-------------------------------------------
     0 | D:1      | letownia2 the Merfolk Wizard began the quest for the Orb.
     0 | D:1      | Reached XP level 1. HP: 13/13 MP: 4/4
    61 | D:1      | Reached skill level 1 in Conjurations
   108 | D:2      | Reached skill level 1 in Polearms
   136 | D:2      | Noticed Jessica
   150 | D:2      | Reached XP level 2. HP: 9/19 MP: 3/6
   179 | D:2      | Learned a level 2 spell: Call Imp
   281 | D:2      | Slain by Jessica

Skill      XL: |  1  2 |
---------------+-------+-----
Conjurations   | 1 |  1.1
Polearms       | 1 2 |  2.8
Dodging        | |  2.6
Stealth        | |  2.1
Spellcasting   | |  3.0
Summonings     | |  1.3
Translocations | |  0.7

Action                   || total
-------------------------++-------
Melee: Spear             ||    10
       Dagger            ||    21
 Cast: Magic Dart        ||    24
Dodge: Dodged            ||    22
